Map: Pillars of Gold LE

Players

Bunny - Winner!

  • Race: Terran Terran
  • Spawn Location: 7:00

Elazer

  • Race: Zerg Zerg
  • Spawn Location: 1:00

Event: IEM Katowice 2021

VOD

Have the link to the VOD?

Description

Time

  • Played on: Feb. 20, 2021, 9:40 a.m.
  • Length: 12:03

All games in this series

Show
View Real Time Build Order
Export as new Build Order

Bunny Terran - Winner!

Build Orders: Banshee Rush 

Get SALT Encoding   

  12  0:00  SCV  
  13  0:12  SCV  
  14  0:17  Supply Depot  
  14  0:24  SCV  
  15  0:39  SCV  
  15  0:41  Barracks  
  16  0:44  Refinery  
  16  0:51  SCV  
  17  1:03  SCV  
  18  1:15  SCV  
  19  1:28  Orbital Command  
  19  1:38  Command Center  
  19  1:42  Marine  
  21  1:54  SCV  
  21  1:58  Factory  
  21  2:04  Barracks Reactor  
  21  2:06  SCV  
  22  2:10  Supply Depot  
  22  2:14  Refinery  
  22  2:18  SCV  
  23  2:31  SCV  
  24  2:41  Marine x2  
  24  2:43  SCV, Starport  
  27  2:44  Factory Tech Lab  
  27  2:50  Orbital Command  
  27  2:56  SCV  
  28  2:59  Marine x2  
  30  3:08  SCV  
  30  3:11  Factory Reactor  
  31  3:17  SCV, Marine x2  
  34  3:20  SCV  
  34  3:25  Banshee  
  34  3:26  Supply Depot  
  38  3:31  Cloaking Field  
  38  3:34  SCV x2  
  40  3:46  SCV x2  
  42  3:50  Hellion x2  
  46  3:58  SCV  
  46  3:59  SCV  
  48  4:05  Command Center  
  48  4:08  Banshee  
  51  4:15  Supply Depot  
  51  4:17  SCV x2  
  51  4:20  Barracks Tech Lab  
  53  4:29  SCV  
  54  4:36  SCV  
  55  4:40  Barracks  
  55  4:41  Stimpack  
  55  4:42  Barracks  
  55  4:44  Factory Reactor  
  55  4:46  SCV  
  55  4:47  Refinery  
  55  4:48  SCV, Refinery  
  57  4:56  Supply Depot  
  57  4:58  Starport Reactor  
  57  5:00  SCV x2  
  57  5:01  Marine  
  60  5:13  SCV x2  
  62  5:19  Orbital Command  
  62  5:21  Marine  
  63  5:25  SCV x2  
  63  5:27  Engineering Bay  
  65  5:28  Engineering Bay  
  65  5:32  Marine x2, Siege Tank  
  65  5:34  Marine x2  
  72  5:38  Marine  
  73  5:44  Orbital Command  
  73  5:45  SCV x2  
  73  5:49  Medivac x2  
  79  5:52  Marine x4  
  79  5:54  Terran Infantry Weapons Level 1, Terran Infantry Armor Level 1  
  83  5:58  SCV x2  
  83  6:00  Barracks  
  83  6:01  Barracks  
  85  6:09  Supply Depot x2  
  85  6:14  Siege Tank  
  85  6:15  SCV x3  
  91  6:19  Marine  
  91  6:20  Marine  
  93  6:30  Medivac x2, Marine x3  
  100  6:34  SCV x2, Supply Depot x2  
  100  6:35  SCV  
  100  6:37  Marine  
  104  6:42  Marine  
  105  6:48  Marine x3  
  105  6:50  Combat Shield  
  105  6:51  Barracks Reactor  
  108  6:55  Marine, Siege Tank  
  108  6:58  SCV, Supply Depot  
  108  6:59  Supply Depot  
  113  7:07  SCV x2  
  114  7:10  SCV  
  113  7:16  Marine x4  
  113  7:17  Marine x3  
  113  7:21  Supply Depot  
  119  7:22  Supply Depot  
  119  7:26  Medivac x2  
  119  7:28  Marine x2, Siege Tank  
  126  7:32  Refinery  
  126  7:34  Marine x4  
  126  7:35  Armory  
  130  7:47  Marine x5  
  130  7:50  SCV x2  
  134  7:52  Marine x3  
  134  7:55  Marine  
  134  7:56  Medivac  
  137  8:00  Siege Tank  
  137  8:05  Marine x5  
  136  8:10  Marine x3  
  136  8:13  Marine  
  136  8:17  Medivac  
  139  8:22  Marine  
  139  8:23  Marine x2  
  139  8:25  Command Center, Terran Infantry Weapons Level 2  
  142  8:29  Terran Infantry Armor Level 2  
  142  8:46  Medivac  
  142  8:47  Medivac  
  146  8:50  Marine x6, Siege Tank  
  152  8:55  Marine  
  152  8:56  Marine x2  
  152  9:00  Factory  
  147  9:05  Terran Vehicle Weapons Level 1  
  147  9:08  Marine x2  
  147  9:09  Marine  
  147  9:10  Marine x3  
  147  9:13  Marine  
  150  9:17  Marine  
  150  9:20  Marine  
  150  9:22  Siege Tank  
  153  9:25  Supply Depot x2  
  153  9:29  Marine x4  
  157  9:35  Supply Depot x2  
  157  9:36  Marine x4  
  157  9:38  Marine  
  154  9:47  Marine  
  154  9:48  SCV x3  
  154  9:52  Marine x3  
  161  9:54  Marine x4, Siege Tank  
  168  10:01  Marine  
  168  10:04  Marine  
  167  10:09  Marine  
  167  10:10  Marine x2  
  167  10:12  Marine x4  
  174  10:18  Marine  
  164  10:22  Marine  
  164  10:26  Siege Tank  
  164  10:27  Marine x3, Sensor Tower  
  164  10:28  Planetary Fortress  
  171  10:29  Marine x2  
  173  10:36  Factory Tech Lab  
  173  10:37  Marauder  
  173  10:41  Marine x3  
  178  10:45  Marine x3  
  178  10:47  Marine  
  169  10:58  Siege Tank  
  169  11:01  Siege Tank  
  159  11:08  SCV x3  
  157  11:29  Marine x9  
  157  11:30  Siege Tank  
  156  11:38  SCV  
  156  11:39  SCV x3  
  135  11:51  SCV  
Show
View Real Time Build Order
Export as new Build Order

Elazer Zerg 

Build Orders: Hatch First 

Get SALT Encoding   

  12  0:00  Drone  
  13  0:12  Overlord  
  13  0:17  Drone  
  14  0:31  Drone x2  
  16  0:50  Hatchery  
  16  0:52  Drone  
  16  0:56  Drone  
  17  1:00  Drone  
  18  1:09  Extractor  
  17  1:15  Spawning Pool  
  16  1:19  Drone  
  16  1:22  Drone  
  18  1:29  Drone  
  19  1:40  Drone  
  20  1:50  Overlord  
  20  2:02  Queen x2  
  20  2:03  Zergling x4  
  26  2:13  Drone x2  
  28  2:22  Drone  
  29  2:23  Drone  
  30  2:34  Hatchery  
  30  2:35  Drone  
  30  2:37  Drone  
  30  2:43  Metabolic Boost  
  31  2:49  Queen  
  33  2:54  Overlord  
  33  2:58  Drone  
  34  2:59  Drone  
  34  3:01  Drone  
  36  3:09  Overlord  
  36  3:12  Drone  
  37  3:14  Drone x3  
  37  3:18  Drone  
  41  3:24  Queen  
  41  3:25  Drone  
  44  3:31  Queen  
  47  3:41  Drone  
  47  3:42  Overlord  
  47  3:44  Zergling x8  
  50  3:52  Drone x3  
  53  3:56  Queen  
  53  4:00  Drone x2  
  57  4:05  Drone x4  
  61  4:10  Queen  
  61  4:15  Baneling Nest  
  61  4:16  Overlord  
  62  4:19  Zergling x4  
  64  4:26  Spore Crawler  
  64  4:29  Spore Crawler  
  64  4:30  Drone x3  
  65  4:34  Spore Crawler  
  65  4:37  Drone x5  
  69  4:43  Drone, Spore Crawler  
  69  4:45  Drone x3  
  72  4:51  Overlord  
  72  4:52  Drone x2  
  73  5:07  Drone  
  73  5:09  Queen  
  73  5:10  Drone x4  
  73  5:11  Hatchery  
  79  5:14  Baneling x3  
  79  5:15  Baneling  
  79  5:16  Drone x3  
  82  5:23  Extractor x2  
  82  5:24  Drone x2  
  82  5:25  Evolution Chamber x2  
  82  5:28  Drone x2  
  82  5:39  Hatchery  
  79  5:44  Drone x4  
  79  5:45  Overlord  
  79  5:47  Drone  
  82  5:54  Overlord  
  82  5:55  Zerg Ground Armor Level 1  
  82  5:57  Extractor, Zerg Melee Weapons Level 1  
  82  5:58  Extractor  
  82  6:00  Drone x2  
  82  6:02  Overlord  
  82  6:04  Drone x6  
  82  6:06  Drone x2  
  82  6:10  Lair  
  90  6:13  Drone  
  90  6:18  Overlord  
  91  6:22  Drone x2  
  91  6:24  Drone  
  94  6:26  Queen x2  
  94  6:31  Overlord x2  
  98  6:37  Zergling x12  
  104  6:41  Baneling x4  
  104  6:43  Zergling x4  
  104  6:46  Overlord  
  106  6:52  Zergling x14  
  113  6:56  Queen  
  113  6:58  Zergling x2  
  113  6:59  Zergling x4  
  118  7:07  Queen  
  117  7:09  Centrifical Hooks  
  117  7:10  Queen x2  
  117  7:14  Zergling x14  
  124  7:24  Zergling x20  
  124  7:28  Overlord  
  133  7:30  Drone x3  
  136  7:40  Overlord  
  136  7:43  Hatchery  
  135  7:48  Drone x12  
  140  8:03  Zergling x14  
  130  8:08  Zergling x6  
  130  8:09  Zerg Ground Armor Level 2, Zerg Melee Weapons Level 2  
  130  8:12  Drone  
  132  8:15  Extractor x2  
  132  8:17  Spore Crawler  
  132  8:19  Drone  
  130  8:23  Zergling x8  
  130  8:24  Zergling x20  
  144  8:28  Baneling x8  
  144  8:29  Extractor  
  144  8:30  Pneumatized Carapace, Infestation Pit  
  144  8:31  Hydralisk Den  
  144  8:32  Zergling x2  
  144  8:33  Zergling x4  
  144  8:41  Overlord x2  
  141  8:54  Zergling x14  
  141  8:55  Overlord  
  143  9:01  Zergling x16  
  143  9:02  Zergling x4  
  147  9:09  Overlord  
  146  9:10  Drone x3  
  146  9:14  Baneling x10  
  146  9:16  Zergling x4  
  147  9:21  Hive  
  147  9:23  Lurker Den  
  145  9:25  Drone x3  
  145  9:27  Zergling x10  
  145  9:28  Baneling x14  
  147  9:32  Queen x2  
  147  9:38  Zergling x14  
  151  9:44  Zergling x6  
  150  9:46  Grooved Spines  
  150  9:51  Overseer x2  
  150  9:56  Zergling x16  
  150  9:58  Queen  
  147  10:14  Zergling x22  
  147  10:18  Zergling x4  
  147  10:20  Burrow  
  151  10:25  Zergling x6  
  151  10:28  Baneling x9  
  154  10:29  Overlord x2  
  154  10:31  Hydralisk  
  156  10:40  Hydralisk x4  
  164  10:46  Hatchery  
  158  10:56  Hydralisk x10  
  165  11:00  Zergling x8  
  158  11:04  Spore Crawler  
  148  11:15  Zergling x20  
  155  11:24  Zergling x4  
  152  11:28  Baneling x10  
  152  11:29  Baneling  
  152  11:30  Baneling  
  152  11:32  Zergling x8  
  148  11:34  Zergling x2  
  148  11:37  Zergling x4  
  124  11:41  Zergling x2  
  124  11:44  Zergling x4  

Tags
 
Add a new tag
Caveats
  • Supply blocks, unpowered buildings, or Contaminate may cause inaccurate times.
  • Supply counts are checked every 10 seconds.